BlueJackets vs Canucks

Created - Friday, February 05, 2016 at 02:28

Goals
1 2 3 T
BlueJackets 0 1 0 1
Canucks 4 4 2 10
Shots
1 2 3 T
BlueJackets 10 9 2 21
Canucks 16 8 10 34

1st period

1. Canucks , Alexander Edler 5 (Derick Brassard, Brendan Gallagher) at 0:22
2. Canucks , Brendan Gallagher 34 (Nick Leddy) at 10:04 (PP)
3. Canucks , Brendan Gallagher 35 (Derick Brassard, Alexander Edler) at 12:26 (PP)
4. Canucks , Antoine Roussel 4 (Joel Ward, Peter Holland) at 17:49

Penalties :
Alexander Edler (Van) for Holding (Minor) at 3:38, Derek Dorsett (Clb) for Hooking (Minor) at 9:43, Raphael Diaz (Clb) for Hooking (Minor) at 12:01

2nd period

5. Canucks , Derick Brassard 14 (Willie Mitchell) at 2:55
6. Canucks , Brendan Gallagher 36 (Derick Brassard, Clarke MacArthur) at 3:07
7. Canucks , Jack Johnson 8 (Derick Brassard, Clarke MacArthur) at 3:25
8. Canucks , Nazem Kadri 21 (Jack Johnson) at 4:01
9. BlueJackets , Sam Gagner 15 (Seth Helgeson) at 6:11

Penalties :
Alexander Edler (Van) for Hooking (Minor) at 8:07, Justin Braun (Van) for Roughing (Minor) at 11:44

3rd period

10. Canucks , Jay Beagle 3 (Jannik Hansen) at 2:45
11. Canucks , Craig Smith 11 (Mats Zuccarello, Nazem Kadri) at 19:42

Penalties :
Chris Thorburn (Clb) for Tripping (Minor) at 4:07, Willie Mitchell (Van) for Holding (Minor) at 6:50, Chris Thorburn (Clb) for Diving (Minor) at 12:36

Goalie Stats

Joni Ortio (Clb), 24 saves from 30 shots - (0.800), L, 3-16-0, 53:48 minutes
Matt Climie (Clb), 0 saves from 4 shots - (0.000), 6:12 minutes
Ben Bishop (Van), 20 saves from 21 shots - (0.952), W, 25-18-5, 60:00 minutes

Players Stats for BlueJackets

Player Name              G  A  P  +/- PIM S  H  SB GA TA FO     MP     PP MP  PK MP  
------------------------------------------------------------------------------------
Brian Dumoulin           0  0  0  -2  0   0  2  2  0  0  0/0    18:33   3:54   2:55 
Chad Ruhwedel            0  0  0  -2  0   0  1  0  0  0  0/0    18:50   4:02   1:49 
Chris Thorburn           0  0  0  -3  4   0  4  0  1  0  1/1    18:32   4:20   0:00 
Derek Dorsett            0  0  0  -2  2   2  2  1  0  0  0/0    11:11   0:01   1:20 
Drew Shore               0  0  0   0  0   1  1  0  2  1  0/0    12:11   0:00   0:00 
Kevin Connauton          0  0  0   0  0   0  2  0  0  2  0/0    18:00   0:00   0:00 
Magnus Paajarvi          0  0  0   0  0   2  0  0  2  0  1/10   12:11   0:00   0:00 
Matt Nieto               0  0  0  -2  0   0  0  2  0  0  1/2    19:01   4:22   0:25 
Nick Shore               0  0  0   0  0   1  2  0  1  0  1/2    14:51   0:00   1:16 
Patrick Wiercioch        0  0  0  -5  0   1  2  5  1  3  0/0    27:28   4:02   2:55 
Raphael Diaz             0  0  0  -5  2   0  0  1  0  0  0/0    15:40   0:00   0:00 
Ryan Garbutt             0  0  0  -2  0   3  2  2  2  2  2/8    20:19   3:34   3:28 
Ryane Clowe              0  0  0  -2  0   2  0  0  2  0  0/0     8:57   0:00   0:00 
Sam Gagner               1  0  1  -3  0   3  1  0  2  1  8/22   16:17   3:57   0:00 
Seth Helgeson            0  1  1   0  0   3  1  2  0  0  0/0    21:26   3:54   1:49 
Teddy Purcell            0  0  0  -5  0   3  1  0  0  0  2/5    24:40   3:35   2:59 
Trevor van Riemsdyk      0  0  0   0  0   0  0  0  0  0  0/0     0:00   0:00   0:00 
Victor Rask              0  0  0  -2  0   0  0  0  2  0  4/13   17:00   3:59   0:00 

Players Stats for Canucks

Player Name              G  A  P  +/- PIM S  H  SB GA TA FO     MP     PP MP  PK MP  
------------------------------------------------------------------------------------
Alexander Edler          1  1  2   5  4   1  2  0  0  1  0/0    26:53   3:54   2:52 
Antoine Roussel          1  0  1   0  0   2  3  1  0  0  1/2    16:03   0:00   5:04 
Brendan Gallagher        3  1  4   4  0   7  1  0  3  1  0/0    17:20   2:49   0:00 
Christopher Tanev        0  0  0  -1  0   0  1  2  0  0  0/0    20:50   0:00   4:48 
Clarke MacArthur         0  2  2   4  0   4  5  0  0  0  0/0    18:38   1:55   1:13 
Craig Smith              1  0  1   2  0   4  0  0  4  0  0/1    15:28   1:55   0:00 
Derick Brassard          1  4  5   4  0   2  1  1  1  0  17/21  17:20   2:49   0:00 
Jack Johnson             1  1  2   4  0   5  1  2  0  3  0/0    26:29   0:55   6:39 
Jannik Hansen            0  1  1   1  0   1  2  0  0  0  0/0     7:24   0:00   0:00 
Jay Beagle               1  0  1   1  0   2  3  0  1  0  9/16   12:57   0:00   5:28 
Joakim Andersson         0  0  0   1  0   0  0  0  0  0  0/0     9:03   0:00   1:39 
Joel Ward                0  1  1   0  0   1  0  0  0  0  0/1    12:13   0:00   1:39 
Justin Braun             0  0  0   4  2   2  3  0  1  0  0/0    18:42   3:49   0:00 
Mats Zuccarello          0  1  1   2  0   0  1  0  1  0  0/1    16:15   2:49   0:00 
Nazem Kadri              1  1  2   2  0   2  1  0  1  0  11/14  15:28   1:55   0:00 
Nick Leddy               0  1  1  -1  0   1  1  2  1  0  0/0     6:30   0:21   0:00 
Peter Holland            0  1  1   0  0   0  2  2  1  0  5/7    12:35   0:00   0:49 
Willie Mitchell          0  1  1   3  2   0  0  1  0  1  0/0    21:47   0:29   1:33 

3 Stars

1 - Brendan Gallagher (Van)
2 - Derick Brassard (Van)
3 - Jack Johnson (Van)

Power Play

BlueJackets - 0 on 4 Attempt(s) - 0.00%
Canucks - 2 on 4 Attempt(s) - 50.00%

Penalty Kill

BlueJackets - 2 on 4 Attempt(s) - 50.00% - Score 0 goal in Penalty Kill
Canucks - 4 on 4 Attempt(s) - 100.00% - Score 0 goal in Penalty Kill

Team Stat

BlueJackets - Hits : 21 - Faceoff Wins : 20 - Blocked Shots : 15 - Penalty Minutes : 8
Canucks - Hits : 27 - Faceoff Wins : 43 - Blocked Shots : 11 - Penalty Minutes : 8

Official

Referees : Unknown
Linesman : Unknown

Game Notes

10:59 of 1st period - Canucks goal is going for a video replay. After video review, No Goal. The puck has been kicked using a distinct kicking motion.
Matt Climie enters game at 17:49 of 1st period
Brendan Gallagher has scored a Hat Trick!
Joni Ortio enters game at 4:01 of 2nd period
Nick Leddy is injured at 7:46 of 2nd period (Torn Left Knee Ligaments)

Finance

Level 1 -- Attendance: 5613 (93.55%) -- Ticket Income $449,040
Level 2 -- Attendance: 4379 (87.58%) -- Ticket Income $232,087
Level 3 -- Attendance: 1789 (89.45%) -- Ticket Income $55,459
Level 4 -- Attendance: 4000 (100.00%) -- Ticket Income $68,000
Luxury Box -- Attendance: 970 (97.00%) -- Ticket Income $170,720
Game was played at the Rogers Place.
Total Attendance: 16751 (93.06%)
Total Ticket Income: $975,306
Other Income: $477,900
Total Income: $1,453,206

BlueJackets

5 vs 5 Forward 
   Center                   Left Wing                Right Wing               Time % Phy DF OF 
 1 Sam Gagner               Teddy Purcell            Matt Nieto               35     1   2  2  
 2 Victor Rask              Ryan Garbutt             Chris Thorburn           30     1   2  2  
 3 Teddy Purcell            Ryane Clowe              Derek Dorsett            22     1   2  2  
 4 Magnus Paajarvi          Nick Shore               Drew Shore               13     1   2  2  

5 vs 5 Defense 
   Defense                  Defense                                           Time % Phy DF OF 
 1 Raphael Diaz             Patrick Wiercioch                                 35     1   2  2  
 2 Kevin Connauton          Seth Helgeson                                     30     1   2  2  
 3 Brian Dumoulin           Chad Ruhwedel                                     22     1   2  2  
 4 Kevin Connauton          Patrick Wiercioch                                 13     1   2  2  

PowerPlay Forward 
   Center                   Left Wing                Right Wing               Time % Phy DF OF 
 1 Sam Gagner               Teddy Purcell            Matt Nieto               60     1   2  2  
 2 Victor Rask              Ryan Garbutt             Chris Thorburn           40     1   2  2  

PowerPlay Defense
   Defense                  Defense                                           Time % Phy DF OF 
 1 Chad Ruhwedel            Patrick Wiercioch                                 60     1   2  2  
 2 Brian Dumoulin           Seth Helgeson                                     40     1   2  2  

Penalty Kill 4 Players Forward 
   Center                   Wing                     Time % Phy DF OF 
 1 Ryan Garbutt             Teddy Purcell            60     1   2  2  
 2 Chris Thorburn           Matt Nieto               40     1   2  2  

Penalty Kill 4 Players Defense
   Defense                  Defense                  Time % Phy DF OF 
 1 Brian Dumoulin           Patrick Wiercioch        60     1   2  2  
 2 Chad Ruhwedel            Seth Helgeson            40     1   2  2  

Penalty Kill - 3 Players Forward 
   Forward                                           Time % Phy DF OF 
 1 Matt Nieto                                        60     1   2  2  
 2 Teddy Purcell                                     40     1   2  2  

Penalty Kill - 3 Players Defense
   Defense                  Defense                  Time % Phy DF OF 
 1 Chad Ruhwedel            Patrick Wiercioch        60     1   2  2  
 2 Brian Dumoulin           Seth Helgeson            40     1   2  2  

4 vs 4 Forward 
   Center                   Wing                     Time % Phy DF OF 
 1 Ryan Garbutt             Teddy Purcell            60     1   2  2  
 2 Sam Gagner               Matt Nieto               40     1   2  2  

4 vs 4 Defense
   Defense                  Defense                  Time % Phy DF OF 
 1 Brian Dumoulin           Patrick Wiercioch        60     1   2  2  
 2 Chad Ruhwedel            Seth Helgeson            40     1   2  2  

Last Minutes Offensive
   Center                   Left Wing                Right Wing               Defense                  Defense                  
   Sam Gagner               Teddy Purcell            Matt Nieto               Raphael Diaz             Patrick Wiercioch        

Last Minutes Defensive
   Center                   Left Wing                Right Wing               Defense                  Defense                  
   Sam Gagner               Teddy Purcell            Matt Nieto               Raphael Diaz             Patrick Wiercioch        

Goaltenders
Starting : Joni Ortio               
Backup : Matt Climie              

Extra Forwards
Normal : Ryan Garbutt, Matt Nieto, Teddy Purcell - PP : Matt Nieto, Teddy Purcell - PK : Teddy Purcell
Extra Defensemen
Normal : Brian Dumoulin, Chad Ruhwedel, Patrick Wiercioch - PP : Brian Dumoulin - PK : Chad Ruhwedel, Patrick Wiercioch
Penalty Shots
Chris Thorburn, Teddy Purcell, Victor Rask, Matt Nieto, Ryan Garbutt

Canucks

5 vs 5 Forward 
   Center                   Left Wing                Right Wing               Time % Phy DF OF 
 1 Derick Brassard          Clarke MacArthur         Brendan Gallagher        35     1   1  3  
 2 Nazem Kadri              Mats Zuccarello          Craig Smith              30     1   2  2  
 3 Peter Holland            Antoine Roussel          Joel Ward                22     1   3  1  
 4 Jay Beagle               Joakim Andersson         Jannik Hansen            13     2   2  1  

5 vs 5 Defense 
   Defense                  Defense                                           Time % Phy DF OF 
 1 Jack Johnson             Alexander Edler                                   35     1   3  1  
 2 Willie Mitchell          Justin Braun                                      30     1   3  1  
 3 Nick Leddy               Christopher Tanev                                 25     1   3  1  
 4 Jack Johnson             Alexander Edler                                   10     1   3  1  

PowerPlay Forward 
   Center                   Left Wing                Right Wing               Time % Phy DF OF 
 1 Derick Brassard          Mats Zuccarello          Brendan Gallagher        60     1   1  3  
 2 Nazem Kadri              Clarke MacArthur         Craig Smith              40     1   1  3  

PowerPlay Defense
   Defense                  Defense                                           Time % Phy DF OF 
 1 Jack Johnson             Alexander Edler                                   55     1   2  2  
 2 Nick Leddy               Justin Braun                                      45     1   2  2  

Penalty Kill 4 Players Forward 
   Center                   Wing                     Time % Phy DF OF 
 1 Jay Beagle               Antoine Roussel          60     1   3  1  
 2 Joakim Andersson         Joel Ward                40     1   3  1  

Penalty Kill 4 Players Defense
   Defense                  Defense                  Time % Phy DF OF 
 1 Jack Johnson             Alexander Edler          60     1   3  1  
 2 Willie Mitchell          Christopher Tanev        40     1   3  1  

Penalty Kill - 3 Players Forward 
   Forward                                           Time % Phy DF OF 
 1 Jay Beagle                                        60     1   4  0  
 2 Joakim Andersson                                  40     1   4  0  

Penalty Kill - 3 Players Defense
   Defense                  Defense                  Time % Phy DF OF 
 1 Jack Johnson             Alexander Edler          60     1   4  0  
 2 Willie Mitchell          Christopher Tanev        40     1   4  0  

4 vs 4 Forward 
   Center                   Wing                     Time % Phy DF OF 
 1 Derick Brassard          Brendan Gallagher        60     1   2  2  
 2 Nazem Kadri              Clarke MacArthur         40     1   2  2  

4 vs 4 Defense
   Defense                  Defense                  Time % Phy DF OF 
 1 Jack Johnson             Alexander Edler          60     1   2  2  
 2 Willie Mitchell          Justin Braun             40     1   2  2  

Last Minutes Offensive
   Center                   Left Wing                Right Wing               Defense                  Defense                  
   Derick Brassard          Clarke MacArthur         Brendan Gallagher        Jack Johnson             Nick Leddy               

Last Minutes Defensive
   Center                   Left Wing                Right Wing               Defense                  Defense                  
   Jay Beagle               Antoine Roussel          Joakim Andersson         Jack Johnson             Willie Mitchell          

Goaltenders
Starting : Ben Bishop               
Backup : Mike McKenna             

Extra Forwards
Normal : Brendan Gallagher, Mats Zuccarello, Antoine Roussel - PP : Joel Ward, Mats Zuccarello - PK : Antoine Roussel
Extra Defensemen
Normal : Nick Leddy, Christopher Tanev, Willie Mitchell - PP : Nick Leddy - PK : Christopher Tanev, Willie Mitchell
Penalty Shots
Mats Zuccarello, Derick Brassard, Nazem Kadri, Clarke MacArthur, Joel Ward

% Time on Ice - BlueJackets

Lines # - Real PCT - Wanted PCT - Time Play
Normal Forward
1 - 28% - 35% - 13:10
2 - 28% - 30% - 13:01
3 - 19% - 22% - 8:57
4 - 26% - 13% - 12:12
Normal Defense
1 - 38% - 35% - 17:53
2 - 33% - 30% - 15:43
3 - 22% - 22% - 10:16
4 - 7% - 13% - 3:28
PP Forward
1 - 50% - 60% - 3:57
2 - 50% - 40% - 3:59
PP Defense
1 - 51% - 60% - 4:02
2 - 49% - 40% - 3:54
PK Forward
1 - 91% - 60% - 4:19
2 - 9% - 40% - 0:25
PK Defense
1 - 62% - 60% - 2:55
2 - 38% - 40% - 1:49
PK3 Forward
1 - 0% - 60%
2 - 0% - 40%
PK3 Defense
1 - 0% - 60%
2 - 0% - 40%
44 Forward
1 - 0% - 60%
2 - 0% - 40%
44 Defense
1 - 0% - 60%
2 - 0% - 40%
Last Minute Offensive  - 0:00
Last Minute Defensive  - 0:00
Total
Forward - 60:00
Defense - 60:00

% Time on Ice - Canucks

Lines # - Real PCT - Wanted PCT - Time Play
Normal Forward
1 - 33% - 35% - 15:48
2 - 29% - 30% - 13:33
3 - 22% - 22% - 10:34
4 - 16% - 13% - 7:25
Normal Defense
1 - 29% - 35% - 13:42
2 - 30% - 30% - 14:03
3 - 36% - 25% - 17:16
4 - 5% - 10% - 2:19
PP Forward
1 - 60% - 60% - 2:49
2 - 40% - 40% - 1:55
PP Defense
1 - 19% - 55% - 0:53
2 - 81% - 45% - 3:51
PK Forward
1 - 79% - 60% - 6:17
2 - 21% - 40% - 1:39
PK Defense
1 - 72% - 60% - 5:45
2 - 28% - 40% - 2:11
PK3 Forward
1 - 0% - 60%
2 - 0% - 40%
PK3 Defense
1 - 0% - 60%
2 - 0% - 40%
44 Forward
1 - 0% - 60%
2 - 0% - 40%
44 Defense
1 - 0% - 60%
2 - 0% - 40%
Last Minute Offensive  - 0:00
Last Minute Defensive  - 0:00
Total
Forward - 60:00
Defense - 60:00

Play by Play

1st period


0:01 of 1st period - Sam Gagner wins face-off versus Derick Brassard in neutral zone.
0:16 of 1st period - Snap shot by Derick Brassard.
0:16 of 1st period - Shot Blocked by Raphael Diaz.
0:18 of 1st period - Slapshot by Alexander Edler.
0:18 of 1st period - Shot Misses the Net.
0:20 of 1st period - Snap shot by Alexander Edler.
0:20 of 1st period - Shot Blocked by Patrick Wiercioch.
0:22 of 1st period - Snap shot by Alexander Edler.
0:22 of 1st period - Goal by Alexander Edler - BlueJackets : 0 - Canucks : 1.
0:23 of 1st period - Chris Thorburn wins face-off versus Nazem Kadri in neutral zone.
0:32 of 1st period - Snap shot by Ryan Garbutt.
0:32 of 1st period - Stopped by Ben Bishop with a rebound.
0:34 of 1st period - Snap shot by Seth Helgeson.
0:34 of 1st period - Stopped by Ben Bishop without a rebound.
0:35 of 1st period - Nazem Kadri wins face-off versus Victor Rask in Canucks zone.
1:31 of 1st period - Snap shot by Ryane Clowe.
1:31 of 1st period - Stopped by Ben Bishop with a rebound.
1:33 of 1st period - Wrist shot by Derek Dorsett.
1:33 of 1st period - Shot Misses the Net.
1:35 of 1st period - Slapshot by Teddy Purcell.
1:35 of 1st period - Shot Blocked by Willie Mitchell.
2:50 of 1st period - Snap shot by Sam Gagner.
2:50 of 1st period - Shot Hit the Post.
2:52 of 1st period - Snap shot by Raphael Diaz.
2:52 of 1st period - Shot Misses the Net.
2:54 of 1st period - Slapshot by Patrick Wiercioch.
2:54 of 1st period - Shot Misses the Net.
2:58 of 1st period - Snap shot by Sam Gagner.
2:58 of 1st period - Stopped by Ben Bishop with a rebound.
3:00 of 1st period - Slapshot by Raphael Diaz.
3:00 of 1st period - Shot Misses the Net.
3:31 of 1st period - Snap shot by Ryan Garbutt.
3:31 of 1st period - Shot Blocked by Christopher Tanev.
3:33 of 1st period - Snap shot by Seth Helgeson.
3:33 of 1st period - Stopped by Ben Bishop without a rebound.
3:34 of 1st period - Teddy Purcell wins face-off versus Jay Beagle in Canucks zone.
3:38 of 1st period - Minor Penalty to Alexander Edler for Holding.
3:39 of 1st period - Jay Beagle wins face-off versus Sam Gagner in Canucks zone.
3:49 of 1st period - Christopher Tanev is hit by Sam Gagner.
5:08 of 1st period - Willie Mitchell is hit by Brian Dumoulin and loses puck.
5:23 of 1st period - Joel Ward is hit by Brian Dumoulin and loses puck.
5:38 of 1st period - Penalty to Alexander Edler is over, Alexander Edler is back on ice.
5:53 of 1st period - Off-side.
5:54 of 1st period - Nazem Kadri wins face-off versus Magnus Paajarvi in neutral zone.
6:20 of 1st period - Slapshot by Kevin Connauton.
6:20 of 1st period - Shot Blocked by Nick Leddy.
6:26 of 1st period - Snap shot by Magnus Paajarvi.
6:26 of 1st period - Stopped by Ben Bishop with a rebound.
6:34 of 1st period - Mats Zuccarello is hit by Kevin Connauton.
6:44 of 1st period - Teddy Purcell is hit by Clarke MacArthur and loses puck.
6:57 of 1st period - Wrist shot by Ryane Clowe.
6:57 of 1st period - Shot Misses the Net.
6:59 of 1st period - Wrist shot by Derek Dorsett.
6:59 of 1st period - Stopped by Ben Bishop with a rebound.
7:10 of 1st period - Off-side.
7:11 of 1st period - Jay Beagle wins face-off versus Sam Gagner in neutral zone.
7:38 of 1st period - Raphael Diaz is hit by Jannik Hansen and loses puck.
8:15 of 1st period - Wrist shot by Joel Ward.
8:15 of 1st period - Stopped by Joni Ortio without a rebound.
8:16 of 1st period - Victor Rask wins face-off versus Craig Smith in BlueJackets zone.
9:43 of 1st period - Minor Penalty to Derek Dorsett for Hooking.
9:44 of 1st period - Ryan Garbutt wins face-off versus Derick Brassard in BlueJackets zone.
9:54 of 1st period - Icing by Justin Braun.
9:55 of 1st period - Ryan Garbutt wins face-off versus Derick Brassard in Canucks zone.
10:04 of 1st period - Slapshot by Brendan Gallagher.
10:04 of 1st period - Goal by Brendan Gallagher - BlueJackets : 0 - Canucks : 2.
10:05 of 1st period - Jay Beagle wins face-off versus Victor Rask in neutral zone.
10:08 of 1st period - Backhand shot by Jack Johnson.
10:08 of 1st period - Deflect By Joakim Andersson.
10:08 of 1st period - Shot Blocked by Patrick Wiercioch.
10:08 of 1st period - Puck is out of play.
10:09 of 1st period - Victor Rask wins face-off versus Jay Beagle in BlueJackets zone.
10:11 of 1st period - Icing by Ryan Garbutt.
10:12 of 1st period - Jay Beagle wins face-off versus Ryan Garbutt in BlueJackets zone.
10:29 of 1st period - Icing by Kevin Connauton.
10:30 of 1st period - Derick Brassard wins face-off versus Victor Rask in BlueJackets zone.
10:31 of 1st period - Wrist shot by Brendan Gallagher.
10:31 of 1st period - Stopped by Joni Ortio with a rebound.
10:35 of 1st period - Snap shot by Clarke MacArthur.
10:35 of 1st period - Stopped by Joni Ortio with a rebound.
10:37 of 1st period - Snap shot by Clarke MacArthur.
10:37 of 1st period - Shot Misses the Net.
10:53 of 1st period - Snap shot by Derick Brassard.
10:53 of 1st period - Shot Misses the Net.
10:55 of 1st period - Backhand shot by Alexander Edler.
10:55 of 1st period - Shot Misses the Net.
10:57 of 1st period - Slapshot by Jack Johnson.
10:57 of 1st period - Shot Blocked by Ryan Garbutt.
10:59 of 1st period - Snap shot by Clarke MacArthur.
10:59 of 1st period - Canucks goal is going for a video replay.
10:59 of 1st period - The goal is refused. The puck has been kicked using a distinct kicking motion..
11:00 of 1st period - Nazem Kadri wins face-off versus Sam Gagner in BlueJackets zone.
11:26 of 1st period - Wrist shot by Craig Smith.
11:26 of 1st period - Stopped by Joni Ortio with a rebound.
11:28 of 1st period - Slapshot by Nick Leddy.
11:28 of 1st period - Stopped by Joni Ortio without a rebound.
11:29 of 1st period - Jay Beagle wins face-off versus Nick Shore in BlueJackets zone.
11:30 of 1st period - Slapshot by Jack Johnson.
11:30 of 1st period - Stopped by Joni Ortio with a rebound.
11:48 of 1st period - Snap shot by Magnus Paajarvi.
11:48 of 1st period - Stopped by Ben Bishop without a rebound.
11:49 of 1st period - Jay Beagle wins face-off versus Magnus Paajarvi in Canucks zone.
12:01 of 1st period - Minor Penalty to Raphael Diaz for Hooking.
12:02 of 1st period - Derick Brassard wins face-off versus Ryan Garbutt in BlueJackets zone.
12:06 of 1st period - Snap shot by Brendan Gallagher.
12:06 of 1st period - Shot Blocked by Patrick Wiercioch.
12:12 of 1st period - Snap shot by Derick Brassard.
12:12 of 1st period - Shot Misses the Net.
12:14 of 1st period - Snap shot by Jack Johnson.
12:14 of 1st period - Deflect By Patrick Wiercioch.
12:14 of 1st period - Stopped by Joni Ortio with a rebound.
12:26 of 1st period - Slapshot by Brendan Gallagher.
12:26 of 1st period - Goal by Brendan Gallagher - BlueJackets : 0 - Canucks : 3.
12:27 of 1st period - Sam Gagner wins face-off versus Peter Holland in neutral zone.
12:30 of 1st period - Jack Johnson is hit by Teddy Purcell and loses puck.
12:41 of 1st period - Slapshot by Jack Johnson.
12:41 of 1st period - Stopped by Joni Ortio without a rebound.
12:42 of 1st period - Peter Holland wins face-off versus Sam Gagner in BlueJackets zone.
12:51 of 1st period - Backhand shot by Alexander Edler.
12:51 of 1st period - Deflect By Joel Ward.
12:51 of 1st period - Shot Misses the Net.
12:51 of 1st period - Puck is out of play.
12:52 of 1st period - Derick Brassard wins face-off versus Victor Rask in BlueJackets zone.
12:53 of 1st period - Snap shot by Brendan Gallagher.
12:53 of 1st period - Deflect By Victor Rask.
12:53 of 1st period - Shot Hit the Post.
12:53 of 1st period - Puck is out of play.
12:54 of 1st period - Derick Brassard wins face-off versus Victor Rask in BlueJackets zone.
13:14 of 1st period - Snap shot by Ryan Garbutt.
13:14 of 1st period - Shot Blocked by Derick Brassard.
13:16 of 1st period - Snap shot by Ryan Garbutt.
13:16 of 1st period - Stopped by Ben Bishop without a rebound.
13:17 of 1st period - Sam Gagner wins face-off versus Nazem Kadri in Canucks zone.
15:54 of 1st period - Brian Dumoulin is hit by Justin Braun and loses puck.
16:01 of 1st period - Slapshot by Nick Leddy.
16:01 of 1st period - Deflect By Jay Beagle.
16:01 of 1st period - Shot Blocked by Derek Dorsett.
16:01 of 1st period - Puck is out of play.
16:02 of 1st period - Nazem Kadri wins face-off versus Sam Gagner in BlueJackets zone.
16:03 of 1st period - Snap shot by Mats Zuccarello.
16:03 of 1st period - Deflect By Craig Smith.
16:03 of 1st period - Stopped by Joni Ortio without a rebound.
16:04 of 1st period - Sam Gagner wins face-off versus Mats Zuccarello in BlueJackets zone.
16:04 of 1st period - Sam Gagner is hit by Nazem Kadri.
16:12 of 1st period - Snap shot by Teddy Purcell.
16:12 of 1st period - Shot Blocked by Christopher Tanev.
16:14 of 1st period - Backhand shot by Patrick Wiercioch.
16:14 of 1st period - Stopped by Ben Bishop with a rebound.
16:33 of 1st period - Off-side.
16:34 of 1st period - Derick Brassard wins face-off versus Magnus Paajarvi in neutral zone.
17:33 of 1st period - Snap shot by Antoine Roussel.
17:33 of 1st period - Shot Blocked by Brian Dumoulin.
17:35 of 1st period - Slapshot by Justin Braun.
17:35 of 1st period - Deflect By Ryan Garbutt.
17:35 of 1st period - Stopped by Joni Ortio with a rebound.
17:37 of 1st period - Slapshot by Peter Holland.
17:37 of 1st period - Deflect By Antoine Roussel.
17:37 of 1st period - Stopped by Joni Ortio with a rebound.
17:49 of 1st period - Wrist shot by Antoine Roussel.
17:49 of 1st period - Goal by Antoine Roussel - BlueJackets : 0 - Canucks : 4.
17:49 of 1st period - Matt Climie enters game.
17:50 of 1st period - Nazem Kadri wins face-off versus Sam Gagner in neutral zone.
17:55 of 1st period - Snap shot by Matt Nieto.
17:55 of 1st period - Shot Misses the Net.
18:52 of 1st period - Clarke MacArthur is hit by Ryan Garbutt and loses puck.
18:59 of 1st period - Christopher Tanev is hit by Kevin Connauton and loses puck.
19:11 of 1st period - Jack Johnson is hit by Chris Thorburn and loses puck.
Goals for this period are 0 for BlueJackets vs 4 for Canucks.
Shots for this period are 10 for BlueJackets vs 16 for Canucks.

2nd period


0:01 of 2nd period - Derick Brassard wins face-off versus Sam Gagner in neutral zone.
1:02 of 2nd period - Nazem Kadri is hit by Ryan Garbutt and loses puck.
1:21 of 2nd period - Snap shot by Victor Rask.
1:21 of 2nd period - Deflect By Ryan Garbutt.
1:21 of 2nd period - Stopped by Ben Bishop without a rebound.
1:22 of 2nd period - Jay Beagle wins face-off versus Magnus Paajarvi in Canucks zone.
2:21 of 2nd period - Nick Leddy is hit by Derek Dorsett and loses puck.
2:36 of 2nd period - Teddy Purcell is hit by Nick Leddy and loses puck.
2:55 of 2nd period - Snap shot by Derick Brassard.
2:55 of 2nd period - Goal by Derick Brassard - BlueJackets : 0 - Canucks : 5.
2:56 of 2nd period - Derick Brassard wins face-off versus Victor Rask in neutral zone.
3:07 of 2nd period - Wrist shot by Brendan Gallagher.
3:07 of 2nd period - Goal by Brendan Gallagher - BlueJackets : 0 - Canucks : 6.
3:08 of 2nd period - Derick Brassard wins face-off versus Sam Gagner in neutral zone.
3:21 of 2nd period - Wrist shot by Derick Brassard.
3:21 of 2nd period - Shot Blocked by Patrick Wiercioch.
3:23 of 2nd period - Slapshot by Jack Johnson.
3:23 of 2nd period - Shot Misses the Net.
3:25 of 2nd period - Slapshot by Jack Johnson.
3:25 of 2nd period - Goal by Jack Johnson - BlueJackets : 0 - Canucks : 7.
3:26 of 2nd period - Matt Nieto wins face-off versus Nazem Kadri in neutral zone.
4:01 of 2nd period - Snap shot by Nazem Kadri.
4:01 of 2nd period - Goal by Nazem Kadri - BlueJackets : 0 - Canucks : 8.
4:01 of 2nd period - Joni Ortio enters game.
4:02 of 2nd period - Derick Brassard wins face-off versus Victor Rask in neutral zone.
4:31 of 2nd period - Snap shot by Brendan Gallagher.
4:31 of 2nd period - Stopped by Joni Ortio with a rebound.
5:31 of 2nd period - Nick Shore is hit by Alexander Edler and loses puck.
5:48 of 2nd period - Icing by Jack Johnson.
5:49 of 2nd period - Nazem Kadri wins face-off versus Sam Gagner in Canucks zone.
5:59 of 2nd period - Off-side.
6:00 of 2nd period - Peter Holland wins face-off versus Sam Gagner in neutral zone.
6:11 of 2nd period - Snap shot by Sam Gagner.
6:11 of 2nd period - Goal by Sam Gagner - BlueJackets : 1 - Canucks : 8.
6:12 of 2nd period - Derick Brassard wins face-off versus Victor Rask in neutral zone.
6:33 of 2nd period - Wrist shot by Derick Brassard.
6:33 of 2nd period - Shot Blocked by Ryan Garbutt.
7:04 of 2nd period - Kevin Connauton is hit by Antoine Roussel and loses puck.
7:14 of 2nd period - Icing by Kevin Connauton.
7:15 of 2nd period - Nazem Kadri wins face-off versus Sam Gagner in BlueJackets zone.
7:20 of 2nd period - Mats Zuccarello is hit by Patrick Wiercioch and loses puck.
7:38 of 2nd period - Wrist shot by Craig Smith.
7:38 of 2nd period - Stopped by Joni Ortio without a rebound.
7:39 of 2nd period - Magnus Paajarvi wins face-off versus Jay Beagle in BlueJackets zone.
7:46 of 2nd period - Slapshot by Magnus Paajarvi.
7:46 of 2nd period - Shot Blocked by Nick Leddy.
7:46 of 2nd period - Nick Leddy from Canucks is injured at 7:46 of 2nd period (Torn Left Knee Ligaments).
7:47 of 2nd period - Teddy Purcell wins face-off versus Derick Brassard in Canucks zone.
7:50 of 2nd period - Wrist shot by Teddy Purcell.
7:50 of 2nd period - Deflect By Jack Johnson.
7:50 of 2nd period - Stopped by Ben Bishop with a rebound.
8:02 of 2nd period - Wrist shot by Ryane Clowe.
8:02 of 2nd period - Stopped by Ben Bishop with a rebound.
8:04 of 2nd period - Snap shot by Derek Dorsett.
8:04 of 2nd period - Stopped by Ben Bishop without a rebound.
8:05 of 2nd period - Derick Brassard wins face-off versus Teddy Purcell in Canucks zone.
8:07 of 2nd period - Minor Penalty to Alexander Edler for Hooking.
8:08 of 2nd period - Sam Gagner wins face-off versus Jay Beagle in Canucks zone.
8:40 of 2nd period - Snap shot by Teddy Purcell.
8:40 of 2nd period - Stopped by Ben Bishop without a rebound.
8:41 of 2nd period - Jay Beagle wins face-off versus Victor Rask in Canucks zone.
8:56 of 2nd period - Snap shot by Victor Rask.
8:56 of 2nd period - Shot Misses the Net.
8:58 of 2nd period - Snap shot by Seth Helgeson.
8:58 of 2nd period - Shot Blocked by Antoine Roussel.
10:00 of 2nd period - Off-side.
10:01 of 2nd period - Victor Rask wins face-off versus Peter Holland in neutral zone.
10:06 of 2nd period - Snap shot by Ryan Garbutt.
10:06 of 2nd period - Shot Misses the Net.
10:07 of 2nd period - Penalty to Alexander Edler is over, Alexander Edler is back on ice.
10:27 of 2nd period - Raphael Diaz is hit by Peter Holland and loses puck.
10:36 of 2nd period - Snap shot by Magnus Paajarvi.
10:36 of 2nd period - Shot Misses the Net.
11:05 of 2nd period - Derek Dorsett is hit by Mats Zuccarello and loses puck.
11:12 of 2nd period - Alexander Edler is hit by Patrick Wiercioch and loses puck.
11:25 of 2nd period - Snap shot by Ryane Clowe.
11:25 of 2nd period - Shot Misses the Net.
11:44 of 2nd period - Minor Penalty to Justin Braun for Roughing.
11:45 of 2nd period - Victor Rask wins face-off versus Jay Beagle in Canucks zone.
12:20 of 2nd period - Victor Rask is hit by Jay Beagle and loses puck.
12:45 of 2nd period - Snap shot by Sam Gagner.
12:45 of 2nd period - Stopped by Ben Bishop with a rebound.
13:05 of 2nd period - Alexander Edler is hit by Seth Helgeson and loses puck.
13:44 of 2nd period - Penalty to Justin Braun is over, Justin Braun is back on ice.
13:51 of 2nd period - Wrist shot by Clarke MacArthur.
13:51 of 2nd period - Stopped by Joni Ortio without a rebound.
13:52 of 2nd period - Nazem Kadri wins face-off versus Magnus Paajarvi in BlueJackets zone.
14:47 of 2nd period - Slapshot by Teddy Purcell.
14:47 of 2nd period - Stopped by Ben Bishop without a rebound.
14:48 of 2nd period - Derick Brassard wins face-off versus Teddy Purcell in Canucks zone.
16:19 of 2nd period - Magnus Paajarvi is hit by Christopher Tanev.
16:25 of 2nd period - Slapshot by Drew Shore.
16:25 of 2nd period - Shot Misses the Net.
16:51 of 2nd period - Wrist shot by Jay Beagle.
16:51 of 2nd period - Shot Blocked by Matt Nieto.
17:33 of 2nd period - Willie Mitchell is hit by Nick Shore.
17:49 of 2nd period - Snap shot by Derick Brassard.
17:49 of 2nd period - Stopped by Joni Ortio with a rebound.
17:51 of 2nd period - Slapshot by Jack Johnson.
17:51 of 2nd period - Shot Blocked by Brian Dumoulin.
18:02 of 2nd period - Off-side.
18:03 of 2nd period - Antoine Roussel wins face-off versus Matt Nieto in neutral zone.
19:04 of 2nd period - Wrist shot by Drew Shore.
19:04 of 2nd period - Stopped by Ben Bishop without a rebound.
19:05 of 2nd period - Derick Brassard wins face-off versus Magnus Paajarvi in Canucks zone.
19:53 of 2nd period - Jay Beagle is hit by Chris Thorburn and loses puck.
19:58 of 2nd period - Wrist shot by Victor Rask.
19:58 of 2nd period - Shot Misses the Net.
Goals for this period are 1 for BlueJackets vs 4 for Canucks.
Shots for this period are 9 for BlueJackets vs 8 for Canucks.

3rd period


0:01 of 3rd period - Peter Holland wins face-off versus Sam Gagner in neutral zone.
0:56 of 3rd period - Ryan Garbutt is hit by Alexander Edler and loses puck.
1:15 of 3rd period - Clarke MacArthur is hit by Chris Thorburn and loses puck.
1:30 of 3rd period - Kevin Connauton is hit by Clarke MacArthur and loses puck.
2:29 of 3rd period - Derek Dorsett is hit by Jay Beagle and loses puck.
2:45 of 3rd period - Wrist shot by Jay Beagle.
2:45 of 3rd period - Goal by Jay Beagle - BlueJackets : 1 - Canucks : 9.
2:46 of 3rd period - Peter Holland wins face-off versus Sam Gagner in neutral zone.
3:01 of 3rd period - Snap shot by Antoine Roussel.
3:01 of 3rd period - Deflect By Joel Ward.
3:01 of 3rd period - Shot Misses the Net.
3:01 of 3rd period - Puck is out of play.
3:02 of 3rd period - Sam Gagner wins face-off versus Joel Ward in BlueJackets zone.
3:30 of 3rd period - Slapshot by Jack Johnson.
3:30 of 3rd period - Shot Blocked by Matt Nieto.
3:46 of 3rd period - Teddy Purcell is hit by Clarke MacArthur.
4:07 of 3rd period - Minor Penalty to Chris Thorburn for Tripping.
4:08 of 3rd period - Derick Brassard wins face-off versus Ryan Garbutt in BlueJackets zone.
4:16 of 3rd period - Wrist shot by Brendan Gallagher.
4:16 of 3rd period - Deflect By Mats Zuccarello.
4:16 of 3rd period - Shot Misses the Net.
4:16 of 3rd period - Puck is out of play.
4:17 of 3rd period - Derick Brassard wins face-off versus Ryan Garbutt in BlueJackets zone.
4:24 of 3rd period - Slapshot by Derick Brassard.
4:24 of 3rd period - Shot Blocked by Patrick Wiercioch.
4:42 of 3rd period - Slapshot by Brendan Gallagher.
4:42 of 3rd period - Stopped by Joni Ortio with a rebound.
5:40 of 3rd period - Seth Helgeson is hit by Jack Johnson and loses puck.
5:45 of 3rd period - Snap shot by Brendan Gallagher.
5:45 of 3rd period - Stopped by Joni Ortio with a rebound.
6:05 of 3rd period - Chad Ruhwedel is hit by Justin Braun.
6:07 of 3rd period - Penalty to Chris Thorburn is over, Chris Thorburn is back on ice.
6:35 of 3rd period - Snap shot by Nick Shore.
6:35 of 3rd period - Stopped by Ben Bishop without a rebound.
6:36 of 3rd period - Jay Beagle wins face-off versus Magnus Paajarvi in Canucks zone.
6:50 of 3rd period - Minor Penalty to Willie Mitchell for Holding.
6:51 of 3rd period - Sam Gagner wins face-off versus Antoine Roussel in Canucks zone.
7:15 of 3rd period - Matt Nieto is hit by Jay Beagle and loses puck.
7:40 of 3rd period - Victor Rask is hit by Antoine Roussel and loses puck.
7:51 of 3rd period - Seth Helgeson is hit by Antoine Roussel and loses puck.
8:37 of 3rd period - Snap shot by Matt Nieto.
8:37 of 3rd period - Shot Misses the Net.
8:50 of 3rd period - Penalty to Willie Mitchell is over, Willie Mitchell is back on ice.
8:55 of 3rd period - Ryan Garbutt is hit by Peter Holland and loses puck.
9:16 of 3rd period - Mats Zuccarello is hit by Drew Shore and loses puck.
9:59 of 3rd period - Justin Braun is hit by Chad Ruhwedel and loses puck.
10:12 of 3rd period - Snap shot by Clarke MacArthur.
10:12 of 3rd period - Stopped by Joni Ortio without a rebound.
10:13 of 3rd period - Derick Brassard wins face-off versus Teddy Purcell in BlueJackets zone.
10:33 of 3rd period - Snap shot by Brendan Gallagher.
10:33 of 3rd period - Shot Misses the Net.
10:35 of 3rd period - Slapshot by Alexander Edler.
10:35 of 3rd period - Deflect By Clarke MacArthur.
10:35 of 3rd period - Shot Hit the Post.
10:35 of 3rd period - Puck is out of play.
10:36 of 3rd period - Sam Gagner wins face-off versus Jay Beagle in BlueJackets zone.
11:07 of 3rd period - Jay Beagle is hit by Chris Thorburn and loses puck.
11:34 of 3rd period - Jay Beagle is hit by Derek Dorsett and loses puck.
11:40 of 3rd period - Icing by Joakim Andersson.
11:41 of 3rd period - Nick Shore wins face-off versus Jay Beagle in Canucks zone.
12:13 of 3rd period - Snap shot by Mats Zuccarello.
12:13 of 3rd period - Deflect By Ryane Clowe.
12:13 of 3rd period - Shot Misses the Net.
12:13 of 3rd period - Puck is out of play.
12:14 of 3rd period - Nazem Kadri wins face-off versus Ryan Garbutt in BlueJackets zone.
12:36 of 3rd period - Minor Penalty to Chris Thorburn for Diving.
12:37 of 3rd period - Derick Brassard wins face-off versus Ryan Garbutt in BlueJackets zone.
13:06 of 3rd period - Wrist shot by Derick Brassard.
13:06 of 3rd period - Shot Misses the Net.
13:08 of 3rd period - Wrist shot by Alexander Edler.
13:08 of 3rd period - Shot Misses the Net.
13:10 of 3rd period - Wrist shot by Brendan Gallagher.
13:10 of 3rd period - Shot Misses the Net.
13:26 of 3rd period - Teddy Purcell is hit by Clarke MacArthur.
14:32 of 3rd period - Brian Dumoulin is hit by Brendan Gallagher and loses puck.
14:36 of 3rd period - Penalty to Chris Thorburn is over, Chris Thorburn is back on ice.
14:43 of 3rd period - Willie Mitchell is hit by Nick Shore and loses puck.
15:34 of 3rd period - Slapshot by Jay Beagle.
15:34 of 3rd period - Shot Misses the Net.
15:46 of 3rd period - Wrist shot by Joakim Andersson.
15:46 of 3rd period - Deflect By Jay Beagle.
15:46 of 3rd period - Stopped by Joni Ortio with a rebound.
15:48 of 3rd period - Wrist shot by Jannik Hansen.
15:48 of 3rd period - Stopped by Joni Ortio with a rebound.
15:50 of 3rd period - Slapshot by Willie Mitchell.
15:50 of 3rd period - Shot Blocked by Seth Helgeson.
16:06 of 3rd period - Raphael Diaz is hit by Derick Brassard and loses puck.
16:13 of 3rd period - Ryan Garbutt is hit by Clarke MacArthur and loses puck.
16:24 of 3rd period - Slapshot by Craig Smith.
16:24 of 3rd period - Deflect By Victor Rask.
16:24 of 3rd period - Shot Misses the Net.
16:24 of 3rd period - Puck is out of play.
16:25 of 3rd period - Nazem Kadri wins face-off versus Magnus Paajarvi in BlueJackets zone.
16:56 of 3rd period - Wrist shot by Victor Rask.
16:56 of 3rd period - Shot Misses the Net.
17:00 of 3rd period - Snap shot by Chris Thorburn.
17:00 of 3rd period - Shot Misses the Net.
17:02 of 3rd period - Slapshot by Seth Helgeson.
17:02 of 3rd period - Deflect By Alexander Edler.
17:02 of 3rd period - Stopped by Ben Bishop with a rebound.
17:04 of 3rd period - Snap shot by Ryan Garbutt.
17:04 of 3rd period - Shot Blocked by Peter Holland.
17:06 of 3rd period - Slapshot by Seth Helgeson.
17:06 of 3rd period - Shot Blocked by Peter Holland.
17:08 of 3rd period - Wrist shot by Kevin Connauton.
17:08 of 3rd period - Shot Blocked by Jack Johnson.
17:34 of 3rd period - Snap shot by Matt Nieto.
17:34 of 3rd period - Shot Blocked by Jack Johnson.
18:03 of 3rd period - Brian Dumoulin is hit by Jannik Hansen and loses puck.
18:08 of 3rd period - Snap shot by Jack Johnson.
18:08 of 3rd period - Stopped by Joni Ortio with a rebound.
18:30 of 3rd period - Wrist shot by Brendan Gallagher.
18:30 of 3rd period - Shot Blocked by Seth Helgeson.
19:09 of 3rd period - Off-side.
19:10 of 3rd period - Nazem Kadri wins face-off versus Sam Gagner in neutral zone.
19:13 of 3rd period - Chris Thorburn is hit by Justin Braun.
19:30 of 3rd period - Snap shot by Nazem Kadri.
19:30 of 3rd period - Stopped by Joni Ortio with a rebound.
19:32 of 3rd period - Snap shot by Justin Braun.
19:32 of 3rd period - Stopped by Joni Ortio with a rebound.
19:34 of 3rd period - Slapshot by Justin Braun.
19:34 of 3rd period - Shot Misses the Net.
19:42 of 3rd period - Snap shot by Craig Smith.
19:42 of 3rd period - Goal by Craig Smith - BlueJackets : 1 - Canucks : 10.
19:43 of 3rd period - Peter Holland wins face-off versus Magnus Paajarvi in neutral zone.
Goals for this period are 0 for BlueJackets vs 2 for Canucks.
Shots for this period are 2 for BlueJackets vs 10 for Canucks.